Map: [ESL] Alcyone

Players

Stats

  • Race: Protoss Protoss
  • Spawn Location: 7:00

SHIN - Winner!

  • Race: Zerg Zerg
  • Spawn Location: 1:00

Event: ESL Spring 2024 Finals

VOD

Have the link to the VOD?

Description

Time

  • Played on: May 31, 2024, 3:04 p.m.
  • Length: 6:30

All games in this series

Show
View Real Time Build Order
Export as new Build Order

Stats Protoss 

Build Orders:  

Get SALT Encoding   

  12  0:00  Probe  
  13  0:12  Probe  
  14  0:18  Pylon  
  14  0:24  Probe (Chrono Boost)  
  15  0:36  Probe (Chrono Boost)  
  16  0:44  Gateway, Probe (Chrono Boost)  
  16  0:47  Assimilator  
  17  0:51  Probe  
  18  1:03  Probe  
  19  1:11  Forge  
  19  1:15  Probe  
  20  1:21  Pylon  
  20  1:31  Cybernetics Core, Zealot (Chrono Boost)  
  22  1:41  Pylon  
  22  1:47  Photon Cannon  
  22  2:11  Nexus  
  22  2:14  Adept (Chrono Boost)  
  22  2:21  Probe  
  25  2:24  Warp Gate  
  25  2:30  Assimilator  
  25  2:37  Adept  
  25  2:39  Probe  
  28  2:51  Probe  
  29  2:57  Pylon  
  29  3:03  Probe  
  30  3:07  Twilight Council  
  30  3:09  Adept  
  32  3:17  Probe (Chrono Boost)  
  33  3:23  Probe (Chrono Boost)  
  34  3:30  Gateway  
  34  3:32  Probe x2 (Chrono Boost)  
  36  3:38  Resonating Glaives (Chrono Boost), Probe (Chrono Boost)  
  36  3:39  Probe  
  38  3:49  Gateway  
  38  3:51  Probe  
  39  4:01  Gateway, Probe  
  38  4:03  Probe  
  38  4:09  Robotics Facility  
  39  4:10  Pylon  
  39  4:13  Probe  
  39  4:16  Probe  
  41  4:18  Adept  
  43  4:28  Adept  
  43  4:35  Probe x2  
  43  4:37  Pylon  
  43  4:43  Adept  
  43  4:44  Adept  
  47  4:49  Probe  
  47  4:50  Probe  
  47  4:51  Adept  
  51  4:55  Adept  
  51  4:56  Observer  
  54  5:00  Nexus  
  54  5:03  Pylon  
  54  5:10  Adept x2  
  57  5:14  Probe x2  
  54  5:27  Immortal (Chrono Boost)  
  54  5:28  Adept x2  
  54  5:35  Adept x2  
  60  5:42  Shield Battery  
  56  5:46  Shield Battery  
  56  5:48  Adept x2  
  60  5:54  Shield Battery  
  64  6:07  Adept  
  63  6:18  Adept  
  63  6:19  Adept  
  63  6:25  Adept  
Show
View Real Time Build Order
Export as new Build Order

SHIN Zerg - Winner!

Build Orders: Hatch First 

Get SALT Encoding   

  12  0:00  Drone  
  13  0:12  Overlord  
  13  0:17  Drone  
  14  0:30  Drone x2  
  14  0:34  Drone  
  17  0:52  Hatchery  
  17  0:55  Drone  
  17  0:58  Drone  
  18  1:09  Extractor  
  17  1:12  Spawning Pool  
  17  1:15  Drone  
  17  1:19  Drone  
  18  1:28  Drone  
  19  1:44  Hatchery  
  18  1:47  Drone  
  18  1:50  Drone  
  20  2:00  Queen  
  22  2:04  Overlord  
  23  2:14  Hatchery  
  22  2:22  Metabolic Boost  
  22  2:23  Zergling x2  
  22  2:26  Zergling x2  
  24  2:32  Zergling x2  
  25  2:38  Queen  
  25  2:43  Zergling x2  
  28  2:53  Overlord  
  28  2:56  Queen  
  30  2:59  Drone  
  30  3:05  Drone  
  32  3:06  Drone  
  32  3:09  Zergling x2  
  32  3:12  Drone  
  35  3:15  Zergling x2  
  35  3:18  Drone  
  37  3:22  Drone  
  38  3:27  Queen  
  38  3:29  Drone  
  38  3:33  Drone  
  42  3:36  Drone  
  42  3:37  Drone  
  45  3:41  Drone x2  
  46  3:49  Drone x4  
  49  3:56  Overlord  
  49  4:00  Drone  
  49  4:04  Roach Warren  
  49  4:05  Extractor  
  49  4:07  Drone x2  
  49  4:10  Overlord  
  49  4:15  Drone x4  
  53  4:19  Overlord  
  53  4:25  Zergling x8  
  53  4:28  Zergling x4  
  59  4:36  Overlord  
  58  4:43  Roach x5  
  68  4:47  Roach x2  
  68  4:52  Roach  
  74  4:54  Overlord x2  
  74  4:58  Zergling x4  
  76  5:01  Zergling x2  
  76  5:02  Zergling x2  
  76  5:06  Zergling x8  
  82  5:09  Overlord  
  82  5:16  Zergling x10  
  87  5:25  Zergling x2  
  87  5:26  Zergling x6  
  84  5:32  Zergling x4  
  84  5:33  Ravager x3  
  87  5:36  Zergling x8  
  87  5:40  Zergling x2  
  91  5:44  Zergling x8  
  91  5:48  Ravager  
  96  5:50  Zergling x2  
  96  5:53  Zergling x2  
  96  5:56  Zergling x4  
  99  6:01  Ravager  
  99  6:03  Zergling x2  
  101  6:04  Drone  
  101  6:11  Drone x3  
  105  6:12  Drone x3  
  105  6:16  Drone x3  
Tags
 
Add a new tag
Caveats
  • Supply blocks, unpowered buildings, or Contaminate may cause inaccurate times.
  • Supply counts are checked every 10 seconds.